 Dungeon Crawl Stone Soup version 0.28.0-53-g5a82cb258f (webtiles) character file.

Game seed: 10987448177229784239

56763 Doot the Schismatic (level 14, -1/109 HPs)
             Began as a Demonspawn Abyssal Knight on June 19, 2022.
             Was an Elder of Lugonu.
             Slain by a centaur warrior
             ... wielding the +9 staff of Olgreb {rPois∞}
              (5 damage)
             ... on level 11 of the Dungeon.
             The game lasted 00:44:37 (35251 turns).

Doot the Schismatic (Demonspawn Abyssal Knight)    Turns: 35251, Time: 00:44:39

Health: -1/109     AC: 23    Str: 16    XL:     14   Next: 43%
Magic:  26/26      EV: 15    Int: 13    God:    Lugonu [****..]
Gold:   1941       SH:  6    Dex: 21    Spells: 8/13 levels left

rFire   . . .      SeeInvis .   U - +1 demon blade (drain)
rCold   . . .      Faith    +   i - +0 buckler
rNeg    . . .      Spirit   .   d - +4 ring mail {rPois}
rPois   +          Reflect  .   G - +0 helmet
rElec   .          Harm     .   (cloak unavailable)
rCorr   +          Rampage  .   (no gloves)
Will    +....                   a - +1 pair of boots
Stlth   ++........              o - amulet of faith
HPRegen 0.28/turn               m - ring of resist corrosion
MPRegen 0.40/turn               n - +6 ring of dexterity

@: lethally poisoned (-1 -> -2), sanguine armoured
A: foul stench 1, magic regeneration, sanguine armour 2, weakness stinger 3
a: Renounce Religion, Depart the Abyss, Bend Space, Banish, Corrupt


You were on level 11 of the Dungeon.
You worshipped Lugonu.
Lugonu was greatly pleased with you.
You visited 3 branches of the dungeon, and saw 20 of its levels.
You visited the Abyss 1 time.

You collected 2316 gold pieces.
You spent 375 gold pieces at shops.

Inventory:

Hand Weapons
 H - a +2 great sword of freezing
 U - a +1 demon blade of draining (weapon)
 V - a +0 glaive
Armour
 a - a +1 pair of boots (worn)
 d - a +4 ring mail of poison resistance (worn)
 i - a +0 buckler (worn)
 x - a +0 troll leather armour
 G - a +0 helmet (worn)
Jewellery
 c - a ring of the Octopus King {Wiz AC+1 EV+1 Str+1 Int+1 Dex+1}
   (You found it on level 6 of the Lair of Beasts)

   [ring of wizardry]

   It improves your spell success rate.
   AC:        It affects your AC (+1).
   EV:        It affects your evasion (+1).
   Str:       It affects your strength (+1).
   Int:       It affects your intelligence (+1).
   Dex:       It affects your dexterity (+1).
 j - a +6 ring of intelligence
 m - a ring of resist corrosion (left hand)
 n - a +6 ring of dexterity (right hand)
 o - an amulet of faith (around neck)
 M - the amulet "Uduratagoh" {Reflect Str+3 SH+5}
   (You found it on level 10 of the Dungeon)

   [amulet of reflection]

   It reflects blocked missile attacks.
   Str:       It affects your strength (+3).
   SH:        It affects your SH (+5).
 W - a ring of willpower
Wands
 q - a wand of iceblast (23)
 y - a wand of acid (16)
 J - a wand of flame (42)
 P - a wand of charming (5)
 Y - a wand of digging (5)
 Z - a wand of paralysis (4)
Scrolls
 f - 3 scrolls of fog
 g - 4 scrolls of torment
 l - 3 scrolls of fear
 p - 3 scrolls of enchant weapon {unknown}
 r - 3 scrolls of vulnerability {unknown}
 u - 2 scrolls of blinking
 w - 2 scrolls of holy word
 A - 10 scrolls of teleportation
 B - 3 scrolls of immolation {unknown}
 C - 3 scrolls of brand weapon
 E - 7 scrolls of magic mapping
 F - a scroll of acquirement {unknown}
 K - 2 scrolls of summoning
 L - a scroll of amnesia {unknown}
 N - 4 scrolls of enchant armour
 O - 2 scrolls of silence {unknown}
 S - 4 scrolls of noise
 X - 3 scrolls of identify
Potions
 e - 4 potions of curing
 h - 6 potions of attraction
 k - 5 potions of heal wounds
 s - 6 potions of haste
 t - 5 potions of flight
 v - 2 potions of lignification
 z - 6 potions of brilliance
 D - 5 potions of ambrosia
 I - 3 potions of berserk rage
 Q - 4 potions of mutation
 T - a potion of magic {unknown}


   Skills:
 + Level 9.8 Fighting
 + Level 13.0 Long Blades
 * Level 4.2 Polearms
 + Level 8.5 Armour
 + Level 6.7 Dodging
 + Level 4.3 Stealth
 + Level 4.8 Shields
 * Level 3.9 Necromancy
 * Level 16.5 Invocations
 - Level 3.0 Evocations


You had 8 spell levels left.
You knew the following spells:

 Your Spells              Type           Power      Damage    Failure   Level
a - Agony                 Necr           10%        N/A       98%         5

Your spell library contained the following spells:

 Spells                   Type           Power      Damage    Failure   Level
 Animate Skeleton         Necr           20%        N/A       14%         1
 Sublimation of Blood     Necr           10%        N/A       21%         2
 Apportation              Tloc           0%         N/A       56%         1
 Summon Small Mammal      Summ           0%         N/A       56%         1
 Wereblood                Tmut           0%         N/A       71%         2
 Dazzling Flash           Conj/Hex       0%         N/A       90%         3
 Silence                  Hex/Air        0%         N/A       100%        5
 Summon Forest            Summ/Tloc      0%         N/A       100%        5
 Eringya's Noxious Bog    Tmut/Pois      0%         N/A       100%        6
 Summon Hydra             Summ           0%         N/A       100%        7


Dungeon Overview and Level Annotations

Branches:
Dungeon (12/15)            Temple (0/1) D:5            Lair (6/6) D:8
  Swamp (0/4) Lair:4        Snake (0/4) Lair:3        Slime (0/5) Lair:6
    Orc (2/2) D:10            Elf (0/3) Orc:2

Altars:
Cheibriados
Dithmenos
Fedhas
Hepliaklqana
Makhleb
Nemelex Xobeh
Ru
Wu Jian
Yredelemnul
The Shining One

Shops:
D:3 *   D:8 =   Orc:2 ((*?*

Annotations:
D:3 exclusion: downstairs
D:6 3 runed translucent doors, Gabide's ghost, novice FoVM
Lair:3 corrupted
Abyss:1 Gastronok; Kirke; Pikel; Sigmund


Innate Abilities, Weirdness & Mutations

You may rarely emit foul miasma when damaged in melee.
You regenerate magic rapidly.
When seriously injured, your blood forms thick armour. (AC +9)
You have a sharp stinger which inflicts weakening toxins.


Message History

Unknown command.
You barely miss the centaur warrior.
The centaur warrior is severely wounded.
You feel sick.
The centaur warrior hits you but does no damage.
The centaur warrior envenoms you.
* * * LOW HITPOINT WARNING * * *
You are more poisoned.
The centaur warrior misses you.
You barely miss the centaur warrior.
Your tail-slap misses the centaur warrior.
The centaur warrior is severely wounded.
The centaur warrior hits you with the +9 staff of Olgreb {rPois∞}.
* * * LOW HITPOINT WARNING * * *
The centaur warrior envenoms you.
* * * LOW HITPOINT WARNING * * *
You are more poisoned.
The centaur warrior kicks you.
* * * LOW HITPOINT WARNING * * *
You feel sick.
There is a stone staircase leading up, spattered with blood here.
You feel sick.
The swamp dragon changes into a guardian serpent!
The centaur warrior misses you. x2
The centaur warrior hits you with the +9 staff of Olgreb {rPois∞}.
* * * LOW HITPOINT WARNING * * *
The centaur warrior envenoms you.
* * * LOW HITPOINT WARNING * * *
You are more poisoned.
The centaur warrior kicks you but does no damage.
You climb upwards.
You feel sick.
There is a stone staircase leading down, spattered with blood here.
Unknown command.
You hit the centaur warrior. You drain the centaur warrior.
The centaur warrior is severely wounded.
You feel sick.
The centaur warrior hits you with the +9 staff of Olgreb {rPois∞}!
* * * LOW HITPOINT WARNING * * *
The centaur warrior envenoms you.
You die...

#... #.## #.## #.#.
#.#. #...
##################
###.
#......[.).......####
#####
#.########@c........#
#.... #.#
#.(........# #.###
#.#
#..........###.#..
#######.#
########....##.#.#
....)...# #....#
#..#.##.#.. .########
#.##.###..#....###
.##.....#
####.##.##...########
.###....#
#....##...........÷.#
## #....#
#.#######..########.#


You could see a centaur warrior (weak, drained).

Vanquished Creatures
  3 two-headed ogres
  2 deep trolls
  A bog body (Lair:4)
  2 harpies
  2 manticores
  A moth of wrath (shapeshifter) (D:11)
  3 cyclopes
  An elephant (Lair:5)
  8 black mambas
  A torpor snail (Lair:6)
  A gargoyle (D:11)
  An unseen horror (D:11)
  8 cane toads
  8 komodo dragons
  2 rime drakes (Lair:5)
  A kobold demonologist (D:10)
  2 polar bears
  A queen bee (Lair:3)
  Grinder (D:4)
  A hornet (Lair:6)
  12 trolls
  A wind drake (Lair:6)
  3 blink frogs (Lair:5)
  4 dream sheep (Lair:6)
  2 snapping turtles
  A shadow (D:10)
  2 wyverns
  A wraith (D:11)
  6 basilisks
  56 yaks
  5 hogs (Lair:4)
  A steam dragon (Lair:6)
  A warg (Orc:2)
  3 swamp worms (Lair:4)
  11 water moccasins
  3 black bears
  A sky beast (D:5)
  17 orc warriors
  A necrophage (D:6)
  An ice beast (D:6)
  11 wolves (Lair:1)
  23 ogres
  9 centaurs
  3 lemures (D:3)
  13 bullfrogs
  2 scorpions
  A water moccasin zombie (D:5)
  A wyvern skeleton (D:7)
  19 killer bees
  6 wights
  2 electric eels (Lair:4)
  2 hounds
  A centaur skeleton (D:7)
  4 centaur zombies
  4 jellies
  13 orc priests
  4 iguanas
  Natasha (twice) (D:4)
  13 orc wizards
  A killer bee zombie (D:9)
  2 howler monkey zombies
  A gnoll (D:3)
  5 adders
  A shadow imp (D:8)
  2 white imps (D:6)
  An ufetubus (D:5)
  2 adder skeletons
  2 worms
  2 dart slugs
  52 orcs
  9 endoplasms
  A giant cockroach (D:2)
  8 goblins
  10 hobgoblins
  4 jackals (D:3)
  7 kobolds
  5 quokkas
  4 ball pythons
  6 bats
  6 frilled lizards
  11 rats
457 creatures vanquished.

Vanquished Creatures (others)
  3 black mambas (Lair:3)
  A komodo dragon (Lair:3)
  A polar bear (Lair:3)
  5 water moccasins (Lair:3)
  47 fungi
  84 plants
  6 starspawn tentacles (Lair:3)
147 creatures vanquished.

Grand Total: 604 creatures vanquished

Notes
Turn   | Place    | Note
-------+----------+-------------------------------------------
     0 | Abyss:1  | Doot the Demonspawn Abyssal Knight began the quest for the
                  | Orb.
     0 | Abyss:1  | Reached XP level 1. HP: 18/18 MP: 2/2
    14 | D:1      | Escaped the Abyss
   169 | D:1      | Gained mutation: When seriously injured, your blood forms
                  | armour. (AC +9) [demonic ancestry]
   169 | D:1      | Reached XP level 2. HP: 24/24 MP: 4/4
   206 | D:1      | Reached skill level 3 in Invocations
   316 | D:1      | Reached ** piety under Lugonu
   435 | D:1      | Reached skill level 1 in Dodging
   441 | D:1      | Gained mutation: You may rarely emit foul miasma when
                  | damaged in melee. [demonic ancestry]
   441 | D:1      | Reached XP level 3. HP: 21/29 MP: 5/5
   627 | D:1      | Found a burning altar of Makhleb.
  1591 | D:2      | Gained mutation: You have a small tail. [demonic ancestry]
  1591 | D:2      | Reached XP level 4. HP: 29/35 MP: 6/6
  1669 | D:2      | Found a faded altar of an unknown god.
  1917 | D:3      | Reached *** piety under Lugonu
  2610 | D:3      | Found Muyklom's General Store.
  2620 | D:3      | Reached XP level 5. HP: 36/41 MP: 7/7
  2624 | D:3      | Bought a potion of heal wounds for 65 gold pieces
  2689 | D:3      | Identified the +8 dagger of the Evening {flame, rElec Int+5
                  | Dex+2}
  2821 | D:3      | You fall into a shaft and drop 1 floor!
  2821 | D:4      | Noticed a lemure
  2823 | D:4      | Noticed a lemure
  2823 | D:4      | Noticed a lemure
  3008 | D:3      | Found a sacrificial altar of Ru.
  3009 | D:3      | Noticed an ogre
  3066 | D:3      | Banished an ogre
  3067 | D:3      | Reached skill level 4 in Invocations
  3329 | D:3      | Found a shadowy altar of Dithmenos.
  3330 | D:3      | Found a hazy altar of Hepliaklqana.
  3331 | D:3      | Found a blossoming altar of Fedhas.
  3332 | D:3      | Found a basalt altar of Yredelemnul.
  3523 | D:4      | Noticed a black bear
  3530 | D:4      | Killed a black bear
  3531 | D:4      | Reached XP level 6. HP: 29/47 MP: 9/9
  3560 | D:3      | Reached skill level 5 in Invocations
  3891 | D:4      | Noticed Pikel
  4095 | D:5      | Entered Level 5 of the Dungeon
  4451 | D:5      | Noticed a sky beast
  4541 | D:6      | Found a runed translucent gate.
  4541 | D:6      | Found a runed translucent gate.
  4542 | D:6      | Found a runed translucent gate.
  4542 | D:6      | Noticed Gabide's ghost (novice FoVM)
  4817 | D:6      | Reached skill level 1 in Stealth
  4817 | D:6      | Reached XP level 7. HP: 32/53 MP: 11/11
  5067 | D:6      | Reached skill level 6 in Invocations
  5654 | D:6      | Noticed Sigmund
  5655 | D:6      | Banished Sigmund
  5656 | D:6      | Reached skill level 5 in Long Blades
  5656 | D:6      | Gained mutation: You regenerate magic rapidly. [demonic
                  | ancestry]
  5656 | D:6      | Reached XP level 8. HP: 60/60 MP: 7/12
  6178 | D:6      | Reached skill level 1 in Shields
  7199 | D:5      | Reached skill level 7 in Invocations
  7396 | D:5      | Found a staircase to the Ecumenical Temple.
  8033 | D:4      | Noticed Grinder
  8040 | D:4      | Paralysed by Grinder for 7 turns
  8066 | D:4      | Paralysed by Grinder for 4 turns
  8072 | D:4      | Killed Grinder
  8535 | D:4      | Noticed Natasha
  8548 | D:4      | Killed Natasha
  8557 | D:4      | Noticed Natasha
  8643 | D:4      | Banished Pikel
  8644 | D:4      | Reached skill level 5 in Fighting
  8644 | D:4      | Reached skill level 5 in Armour
  8644 | D:4      | Reached XP level 9. HP: 68/68 MP: 9/14
  8803 | D:4      | Reached skill level 8 in Invocations
  8861 | D:4      | Found an ornate altar of the Wu Jian Council.
  9059 | D:4      | Killed Natasha
 10754 | D:8      | Reached skill level 9 in Invocations
 10868 | D:8      | Found a snail-covered altar of Cheibriados.
 11020 | D:8      | Found Kounkibb's Jewellery Shoppe.
 11378 | D:8      | Found a staircase to the Lair.
 11378 | D:8      | Noticed a komodo dragon
 11388 | D:8      | Banished a komodo dragon
 11389 | D:8      | Gained mutation: You have a tail ending in a sharp stinger.
                  | [demonic ancestry]
 11389 | D:8      | Reached XP level 10. HP: 64/76 MP: 11/16
 12233 | D:9      | Found a burning altar of Makhleb.
 12249 | D:9      | Found a sparkling altar of Nemelex Xobeh.
 12987 | D:9      | Reached skill level 10 in Invocations
 13425 | D:10     | Entered Level 10 of the Dungeon
 13431 | D:10     | Found a staircase to the Orcish Mines.
 13749 | D:10     | Identified the amulet "Uduratagoh" {Reflect Str+3 SH+5}
 14169 | D:10     | Reached **** piety under Lugonu
 14816 | D:11     | Noticed a cyclops
 14835 | D:11     | Reached XP level 11. HP: 81/83 MP: 19/19
 15002 | D:11     | Noticed a boulder beetle
 15015 | D:11     | Banished a boulder beetle
 16093 | D:11     | Reached skill level 11 in Invocations
 16108 | D:11     | Noticed a five-headed hydra
 16112 | D:11     | Banished a five-headed hydra
 16245 | D:11     | Reached skill level 10 in Long Blades
 16418 | Lair:1   | Entered Level 1 of the Lair of Beasts
 16428 | Lair:1   | Noticed a six-headed hydra
 16437 | Lair:1   | Banished a six-headed hydra
 17092 | Lair:1   | Reached skill level 12 in Invocations
 17295 | Lair:1   | Reached skill level 5 in Dodging
 17404 | Orc:1    | Entered Level 1 of the Orcish Mines
 17925 | Orc:1    | Noticed an orc knight
 17930 | Orc:1    | Banished an orc knight
 18255 | Orc:2    | Entered Level 2 of the Orcish Mines
 18412 | Orc:2    | Found a staircase to the Elven Halls.
 18478 | Orc:2    | Found Sofadaog's General Store.
 18486 | Orc:2    | Bought a scroll of teleportation for 30 gold pieces
 18992 | Orc:2    | Noticed a two-headed ogre
 18994 | Orc:2    | Banished a two-headed ogre
 18995 | Orc:2    | Gained mutation: When seriously injured, your blood forms
                  | thick armour. (AC +9) [demonic ancestry]
 18995 | Orc:2    | Reached XP level 12. HP: 90/92 MP: 12/21
 19101 | Orc:2    | Noticed a two-headed ogre
 19102 | Orc:2    | Banished a two-headed ogre
 19113 | Orc:2    | Noticed a two-headed ogre
 19114 | Orc:2    | Noticed a two-headed ogre
 19142 | Orc:1    | Banished a two-headed ogre
 19143 | Orc:1    | Reached skill level 13 in Invocations
 19341 | Orc:2    | Banished a two-headed ogre
 19447 | Orc:2    | Noticed a two-headed ogre
 19448 | Orc:2    | Banished a two-headed ogre
 19472 | Orc:2    | Noticed a two-headed ogre
 19474 | Orc:2    | Noticed a two-headed ogre
 19476 | Orc:2    | Found Acheruah's Antique Weapon Emporium.
 19477 | Orc:2    | Banished a two-headed ogre
 19541 | Orc:1    | Reached skill level 14 in Invocations
 19910 | Orc:1    | Killed a two-headed ogre
 20079 | Orc:2    | Noticed an ogre mage
 20170 | Orc:2    | Banished an ogre mage
 20189 | Orc:2    | Noticed an ogre mage
 20320 | Orc:2    | Noticed a two-headed ogre
 20322 | Orc:2    | Banished a two-headed ogre
 20650 | Orc:2    | Found Ciut's Antique Weapon Emporium.
 20652 | Orc:2    | Found Otaseutidgh's General Store.
 20656 | Orc:2    | Found Cextatt's Magic Scroll Shoppe.
 20664 | Orc:2    | Banished an ogre mage
 20665 | Orc:2    | Reached skill level 15 in Invocations
 20676 | Orc:2    | Bought a scroll of identify for 28 gold pieces
 20676 | Orc:2    | Bought a scroll of teleportation for 42 gold pieces
 20676 | Orc:2    | Bought a scroll of identify for 28 gold pieces
 20676 | Orc:2    | Bought a scroll of identify for 28 gold pieces
 20676 | Orc:2    | Bought a scroll of teleportation for 42 gold pieces
 20676 | Orc:2    | Bought a scroll of identify for 28 gold pieces
 20676 | Orc:2    | Bought a scroll of identify for 28 gold pieces
 20676 | Orc:2    | Bought a scroll of fog for 28 gold pieces
 20676 | Orc:2    | Bought a scroll of identify for 28 gold pieces
 21265 | Lair:2   | Noticed an eight-headed hydra
 21447 | Lair:2   | Banished an eight-headed hydra
 21448 | Lair:2   | Reached XP level 13. HP: 76/99 MP: 19/24
 21811 | Lair:1   | Reached skill level 1 in Polearms
 22631 | Lair:2   | Noticed Gastronok
 22879 | Lair:2   | Banished Gastronok
 23575 | Lair:2   | You fall into a shaft and drop 1 floor!
 24049 | Lair:3   | Found a frozen archway.
 24075 | Lair:3   | Corrupted Lair:3
 24075 | Lair:3   | Noticed a blizzard demon
 24075 | Lair:3   | Noticed a hellephant
 24075 | Lair:3   | Noticed a tentacled starspawn
 24075 | Lair:3   | Noticed a tentacled starspawn
 24075 | Lair:3   | Noticed a tentacled monstrosity
 24076 | Lair:3   | Noticed a tentacled starspawn
 24076 | Lair:3   | HP: 1/100 [blizzard demon[Lugonu's corruption] (6)]
 24076 | Lair:3   | Noticed a tentacled starspawn
 24096 | Lair:3   | Noticed a tentacled starspawn
 24125 | Lair:3   | Noticed a bone dragon
 24181 | Lair:3   | Noticed a starcursed mass
 24480 | Lair:3   | Found a staircase to the Snake Pit.
 24520 | Lair:3   | Learned a level 5 spell: Agony
 25237 | Lair:3   | Reached skill level 1 in Necromancy
 25915 | Lair:4   | Found a staircase to the Swamp.
 26429 | Lair:4   | Noticed Kirke
 27107 | Lair:5   | Banished Kirke
 27108 | Lair:5   | Reached skill level 1 in Evocations
 28089 | Lair:5   | Reached skill level 16 in Invocations
 29263 | Lair:6   | Entered Level 6 of the Lair of Beasts
 29305 | Lair:6   | Gained mutation: You have a sharp stinger which inflicts
                  | weakening toxins. [demonic ancestry]
 29305 | Lair:6   | Reached XP level 14. HP: 72/108 MP: 26/26
 32479 | Lair:6   | Found the ring of the Octopus King
 32714 | Lair:6   | Identified a ring of the Octopus King {Wiz AC+1 EV+1 Str+1
                  | Int+1 Dex+1}
 33067 | Lair:6   | Found a staircase to the Slime Pits.
 35251 | D:11     | HP: 4/109 [centaur warrior/the +9 staff of Olgreb {rPois∞}
                  | (9)]
 35251 | D:11     | Slain by a centaur warrior

Illustrated notes

Levels and vault maps discovered:
D:1:      dpeg_arrival_lava_altar, layout_rooms
D:2:      layout_basic, shapermc_ecumenical_altar_mp_urbaneastern,
          minmay_distorted
D:3:      layout_basic, grunt_temple_overflow_open,
          mainiacjoe_overflow_24_doors, serial_shops,
          nicolae_shop_temple_entry_statues_fountains, minmay_misc_feat_square,
          chequers_big_river, grunt_decor_one_mirror
D:4:      layout_loops_ring, nicolae_wu_jian_glorious_leap,
          guppyfry_early_lair_pool, uniq_natasha, uniq_grinder, uniq_pikel
D:5:      layout_loops_corners, temple_fountains
D:6:      layout_loops_ring, ebering_ghost_rock_garden, uniq_sigmund
D:7:      hellmonk_crumbling_castle, layout_gridville, minmay_misc_feat_room
D:8:      layout_rooms, mainiacjoe_overflow_concentric_impassable,
          david_lair_shrubbed, serial_shops,
          nicolae_shop_temple_entry_statues_fountains
D:9:      layout_rooms, mainiacjoe_overflow_big_doors
D:10:     layout_loops_cross, orc_0_dummy
D:11:     layout_basic
D:12:     layout_basic, minmay_the_grid_square_5x5_3x3_mashed
          [minmay_the_grid_square_5x5_empty, minmay_the_grid_square_5x5_six,
          minmay_the_grid_square_5x5_gyroscope,
          minmay_the_grid_square_5x5_inner_v,
          minmay_the_grid_square_5x5_megaprize_diamond,
          minmay_the_grid_square_5x5_misaligned,
          minmay_the_grid_square_5x5_bracketed,
          minmay_the_grid_square_5x5_inner_z,
          minmay_the_grid_square_5x5_three_walls]
Lair:1:   layout_long_grid, serial_bayou_pond_d
Lair:2:   layout_chaotic_city, grunt_megastairs_3, uniq_gastronok
Lair:3:   layout_roguey, minmay_snake_entry_six_corridors,
          portal_ice_cave_entry_pillars_1, special_room [special_room_bee]
Lair:4:   layout_roguey, nicolae_swamp_entry_splash_gauntlet, st_stairs_6,
          chequers_serial_rivers_micro_a, serial_bayou_lagoon_a, uniq_kirke
Lair:5:   layout_regular_city
Lair:6:   gammafunk_lair_ancient_temple, layout_small_grid,
          nicolae_slime_entry_slimehenge, st_stairs_7, grunt_megastairs_4
Orc:1:    layout_diamond_mine
Orc:2:    st_orc_open, layout_diamond_mine, serial_shops, shop_statue

Skill      XL: |  1  2  3  4  5  6  7  8  9 10 11 12 13 14 |
---------------+-------------------------------------------+-----
Long Blades    | 2 3 4 5 6 7 9 10 11 12 13 | 13.0
Invocations    | 3 4 5 6 7 9 10 12 15 16 | 16.5
Dodging        | 1 2 3 4 5 6 |  6.7
Armour         | 2 3 4 5 6 7 8 |  8.5
Stealth        | 1 2 3 4 |  4.3
Fighting       | 4 5 6 7 8 9 |  9.8
Shields        | 1 2 3 4 |  4.8
Polearms       | 3 4 |  4.2
Necromancy     | 2 3 |  3.9
Evocations     | 2 3 |  3.0

Action                   |  1- 3 |  4- 6 |  7- 9 | 10-12 | 13-15 || total
-------------------------+-------+-------+-------+-------+-------++-------
Melee: Falchion          |   130 |   152 |   377 |     7 |       ||   666
       Tailslap          |       |    20 |    72 |    94 |   185 ||   371
       Great sword       |       |       |       |   184 |       ||   184
       Demon blade       |       |       |       |   349 |   825 ||  1174
       Unarmed           |       |       |       |       |     7 ||     7
Invok: Banish            |       |     4 |     4 |    19 |    10 ||    37
       Corrupt           |       |       |       |       |     1 ||     1
  Use: Scroll            |       |       |     1 |    16 |     3 ||    20
       Potion            |       |       |       |       |     3 ||     3
 Stab: Sleeping          |       |     1 |     1 |     2 |     6 ||    10
       Distracted        |       |       |       |       |     1 ||     1
Armor: Leather armour    |    10 |       |       |       |       ||    10
       Ring mail         |    52 |    50 |   102 |   148 |   331 ||   683
       Troll leather arm |       |       |       |    33 |       ||    33
Dodge: Dodged            |    81 |    55 |   157 |   318 |   580 ||  1191
Block: Buckler           |     8 |    18 |    83 |    98 |   266 ||   473
